 Dungeon Crawl Stone Soup version 0.20.1-1-g8b1a95d (webtiles) character file.

605 Kingsmith the Covered (level 7, -17/61 HPs)
             Began as a Minotaur Fighter on Dec 12, 2017.
             Killed from afar by Ijyb (20 damage)
             ... with a wand of lightning (?/15)
             ... on level 4 of the Dungeon.
             The game lasted 00:04:42 (2858 turns).

Kingsmith the Covered (Minotaur Fighter)            Turns: 2858, Time: 00:04:42

Health: -17/61     AC:  9    Str: 22    XL:     7   Next: 19%
Magic:  6/6        EV:  8    Int:  5    God:
Gold:   155        SH: 10    Dex: 10    Spells: 6/6 levels left

rFire    . . .     SeeInvis .   v - +1 falchion (pain)
rCold    . . .     Gourm    .   c - +0 shield
rNeg     . . .     Faith    .   b - +0 scale mail
rPois    .         Spirit   .   (helmet restricted)
rElec    .         Reflect  .   q - +0 cloak
rCorr    .         Harm     .   (no gloves)
MR       .....                  (no boots)
Stlth    ..........             (no amulet)
Regen    0.2/turn               (no ring)
MPRegen  0.1/turn               (no ring)

@: no status effects
A: retaliatory headbutt, horns 2
a: no special abilities


You were on level 4 of the Dungeon.
You were not hungry.

You visited 1 branch of the dungeon, and saw 4 of its levels.

You collected 155 gold pieces.

Inventory:

Hand Weapons
 a - a +0 long sword
 v - a +1 falchion of pain (weapon)
Armour
 b - a +0 scale mail (worn)
 c - a +0 shield (worn)
 q - a +0 cloak (worn)
Jewellery
 k - an uncursed ring of fire {unknown}
Scrolls
 h - 15 scrolls of identify {unknown}
 m - 3 scrolls of fear {unknown}
 n - 2 scrolls of recharging {unknown}
 p - a scroll of enchant weapon {unknown}
 r - 2 scrolls of teleportation {unknown}
 s - a scroll of remove curse {unknown}
Potions
 e - a potion of heal wounds {unknown}
 i - 2 potions of berserk rage {unknown}
 j - a potion of degeneration {unknown}
 l - 2 potions of curing
 o - 3 potions of brilliance {unknown}
 u - 2 potions of magic {unknown}
Comestibles
 d - a royal jelly
 f - 5 bread rations
 g - a meat ration
 t - 3 chunks of flesh


   Skills:
 + Level 5.0 Fighting
 - Level 2.4 Long Blades
 - Level 7.1 Armour
 - Level 7.0 Shields


You had 6 spell levels left.
You didn't know any spells.

Dungeon Overview and Level Annotations

Branches:
Dungeon (4/15)
 Temple: D:4-7

Altars:
Hepliaklqana
Xom

Annotations:
D:4 Ijyb


Innate Abilities, Weirdness & Mutations

You reflexively headbutt those who attack you in melee.
You have a pair of horns on your head.


Message History

Your shield and scale mail prevent you from hitting Ijyb.
Ijyb is moderately wounded.
Ijyb hits you but does no damage. Ijyb screams, "Me kill you!"
You block Ijyb's attack.
You closely miss Ijyb. You headbutt Ijyb, but do no damage.
Ijyb is moderately wounded.
Ijyb hits you but does no damage.
You hit Ijyb. You headbutt Ijyb, but do no damage.
Ijyb is heavily wounded.
Ijyb zaps a wand.
The bolt of lightning hits you!
You hit Ijyb but do no damage.
Ijyb is heavily wounded.
Ijyb screams, "It's all mine!"
Ijyb zaps a wand.
The bolt of lightning hits you!
* * * LOW HITPOINT WARNING * * *
You hit Ijyb.
Ijyb is almost dead.
Ijyb zaps a wand.
The bolt of lightning hits you!
You die...

#. ........... #. .........
######. ......... #....#.
......... #.##.## #...##.#
#.#.... #...##.# #.#..##
.########...##.# #.#..#.
...........@g..# #.#....
...............# #.#...#
...............#######.###..
......[.............##.# ###
###########...#####.##.##
##### #.....# #######


You could see Ijyb.

Vanquished Creatures
  Sigmund (D:3)
  Eustachio (D:4)
  A howler monkey (D:4)
  2 orc priests (D:3)
  Natasha (thrice) (D:2)
  A worker ant (D:4)
  4 adders
  An ooze (D:2)
  2 worms
  A leopard gecko (D:1)
  4 orcs (D:3)
  6 giant cockroaches
  8 goblins
  4 hobgoblins
  6 jackals
  5 kobolds
  A quokka (D:4)
  A ball python (D:1)
  3 bats
  2 frilled lizards (D:1)
  4 rats
61 creatures vanquished.

Notes
Turn   | Place    | Note
-------+----------+-------------------------------------------
     0 | D:1      | Kingsmith the Minotaur Fighter began the quest for the Orb.
     0 | D:1      | Reached XP level 1. HP: 19/19 MP: 0/0
    45 | D:1      | Reached XP level 2. HP: 15/26 MP: 1/1
   653 | D:1      | Reached skill level 5 in Shields
   894 | D:2      | Reached XP level 3. HP: 21/31 MP: 2/2
   990 | D:2      | Noticed Natasha
  1000 | D:2      | Killed Natasha
  1031 | D:2      | Reached XP level 4. HP: 34/39 MP: 3/3
  1053 | D:2      | Found a hazy altar of Hepliaklqana.
  1119 | D:2      | Noticed Natasha
  1122 | D:2      | Killed Natasha
  1234 | D:2      | Noticed Natasha
  1248 | D:2      | Killed Natasha
  1323 | D:2      | Reached XP level 5. HP: 14/45 MP: 4/4
  1837 | D:3      | Found a shimmering altar of Xom.
  2038 | D:3      | Noticed Sigmund
  2056 | D:3      | Killed Sigmund
  2056 | D:3      | Reached skill level 5 in Armour
  2056 | D:3      | Reached XP level 6. HP: 28/51 MP: 5/5
  2761 | D:4      | Noticed Eustachio
  2775 | D:4      | Killed Eustachio
  2775 | D:4      | Reached skill level 5 in Fighting
  2775 | D:4      | Reached XP level 7. HP: 39/61 MP: 6/6
  2842 | D:4      | Noticed Ijyb
  2857 | D:4      | HP: 3/61 [Ijyb/wand of lightning (?/15) (17)]
  2858 | D:4      | Killed from afar by Ijyb

Skill      XL: |  1  2  3  4  5  6 |
---------------+-------------------+-----
Shields        | 4 5 7 |  7.0
Armour         | 5 7 |  7.1
Fighting       | 5 |  5.0
Long Blades    | |  2.4

Action                   |  1- 3 |  4- 6 |  7- 9 || total
-------------------------+-------+-------+-------++-------
Melee: Long sword        |    61 |   101 |       ||   162
       Headbutt          |    10 |    16 |     3 ||    29
       Falchion          |       |       |    10 ||    10
  Use: Scroll            |     2 |       |       ||     2
       Potion            |     1 |       |       ||     1
  Eat: Chunk             |       |     6 |       ||     6
Armor: Scale mail        |    25 |    40 |     3 ||    68
Dodge: Dodged            |    16 |    49 |       ||    65
Block: Shield            |    31 |    58 |     3 ||    92
       Rpst.: Long sword |     4 |     8 |       ||    12
